[Event "Titled Tuesday Blitz October 31 Early 2023"]
[White "carokannlover213"]
[Black "Kovalevsky, Stanislav"]
[BlackFideId "13508598"]
[WhiteElo "2721"]
[BlackElo "2382"]
[Result "1-0"]
[Round "1"]
[TimeControl "180+1"]
[Date "2023.10.31"]
[WhiteClock "0:00:37"]
[BlackClock "0:00:04"]
[Board "93"]

1. e4 c6 2. d4 d5 3. exd5 cxd5 4. c4 Nf6 5. Nc3 g6 6. Qb3 Bg7 7. cxd5 O-O 8. a4 e6 9. dxe6 Bxe6 10. Qxb7 Nbd7 11. Nf3 Re8 12. Be2 Bc4 13. Be3 Bxe2 14. Nxe2 Ng4 15. O-O Nxe3 16. fxe3 Rxe3 17. Nc3 Rb8 18. Qd5 Rxb2 19. Ng5 h6 20. Nxf7 Qe7 21. Ne5+ Kh7 22. Rf7 Rxg2+ 23. Qxg2 Qxe5 24. dxe5 Nxe5 25. Nd5 Nxf7 26. Nxe3 Bxa1 27. Qb7 Kg7 28. Qxa7 Kf6 29. Ng4+ Kg5 30. Qxf7 Kxg4 31. Qxg6+ Kf3 32. Qc6+ Ke2 33. Qb5+ Kf3 34. Kf1 1-0


[Site "https://www.chess.com"]

[Event "Titled Tuesday Blitz October 31 Early 2023"]
[White "La Villa Rivas, Marlon Javier"]
[Black "djokovic74"]
[WhiteFideId "3519546"]
[WhiteElo "2378"]
[BlackElo "2719"]
[Result "1-0"]
[Round "1"]
[TimeControl "180+1"]
[Date "2023.10.31"]
[WhiteClock "0:00:14"]
[BlackClock "0:00:07"]
[Board "94"]

1. e4 e6 2. d4 d5 3. Nd2 Nf6 4. e5 Nfd7 5. f4 c5 6. c3 Nc6 7. Ndf3 Qb6 8. a3 a6 9. b4 cxd4 10. cxd4 Qc7 11. Bd3 b5 12. Ne2 Nb6 13. O-O Be7 14. Bd2 Nc4 15. Nc3 Bb7 16. f5 Qb6 17. fxe6 fxe6 18. Bxc4 dxc4 19. Be3 O-O-O 20. Ne4 Nxb4 21. axb4 Bxe4 22. Bf2 Bd5 23. Qd2 h6 24. Ra3 Kb7 25. Rfa1 Ra8 26. Ne1 Rhf8 27. Nc2 Qc6 28. Rg3 Bh4 29. Rxg7+ Kb6 30. Bxh4 Rg8 31. Qxh6 Rh8 32. Qg5 c3 33. Ne3 Rac8 34. Qe7 Ra8 35. Nxd5+ exd5 36. Qc5+ Qxc5 37. bxc5+ Kc6 38. Be1 b4 39. Rg6+ Kb5 40. Rb6+ Kc4 41. c6 a5 42. c7 Rhc8 43. Rc6+ Kxd4 44. Bf2+ Kxe5 45. Re1+ Kf5 46. h3 a4 47. Bd4 a3 48. Rf6+ Kg5 49. g4 a2 50. Rf5+ Kh4 51. Kg2 Rh8 52. Bxh8 Rxh8 53. c8=Q Rxc8 54. Rh5# 1-0


[Site "https://www.chess.com"]

[Event "Titled Tuesday Blitz October 31 Early 2023"]
[White "Hua, Lefong"]
[Black "Haitin, Ilja"]
[WhiteFideId "2602253"]
[BlackFideId "4501764"]
[WhiteElo "2717"]
[BlackElo "2378"]
[Result "1-0"]
[Round "1"]
[TimeControl "180+1"]
[Date "2023.10.31"]
[WhiteClock "0:00:27"]
[BlackClock "0:00:00"]
[Board "95"]

1. d4 d5 2. c4 dxc4 3. Nf3 Nf6 4. e3 Bg4 5. Bxc4 e6 6. O-O Nbd7 7. Nc3 Bb4 8. h3 Bh5 9. Be2 O-O 10. a3 Bxc3 11. bxc3 c5 12. a4 Qc7 13. Ba3 Rfd8 14. Rc1 Qa5 15. Qb3 Rab8 16. Qb5 Qxb5 17. Bxb5 Bxf3 18. gxf3 cxd4 19. cxd4 Rdc8 20. Bd6 Ra8 21. Rfd1 a6 22. Bd3 Ne8 23. Bb4 Nc7 24. Kf1 Nd5 25. Bd2 Kf8 26. Ke2 Ke7 27. e4 N5f6 28. Bb4+ Ke8 29. a5 Nh5 30. Bd6 g5 31. Rb1 Rc6 32. Bh2 b5 33. axb6 Rxb6 34. Rxb6 Nxb6 35. Ra1 a5 36. Bc7 Nd7 37. Bb5 Ke7 38. Ke3 Ra7 39. Bxa5 Rb7 40. Bxd7 Kxd7 41. d5 Nf4 42. dxe6+ Kxe6 43. Bc3 Rb3 44. Ra6+ Kd7 45. Kd2 Nxh3 46. Kc2 Rb7 47. Rh6 Nxf2 48. Rxh7 Ke6 49. Rh6+ Kd7 50. Bd4 Rc7+ 51. Kd2 g4 52. Bxf2 gxf3 53. Rf6 Ke7 54. Rxf3 Rb7 55. Bd4 Rb3 56. Rxb3 1-0


[Site "https://www.chess.com"]

[Event "Titled Tuesday Blitz October 31 Early 2023"]
[White "Marcziter, Dmitrii"]
[Black "Djokic, Mihailo"]
[WhiteFideId "13900765"]
[BlackFideId "976440"]
[WhiteElo "2374"]
[BlackElo "2713"]
[Result "1-0"]
[Round "1"]
[TimeControl "180+1"]
[Date "2023.10.31"]
[WhiteClock "0:00:32"]
[BlackClock "0:00:09"]
[Board "96"]

1. d4 f6 2. e4 Kf7 3. Nc3 e6 4. Bc4 Ne7 5. d5 d6 6. dxe6+ Bxe6 7. Bxe6+ Kxe6 8. Qh5 g6 9. Qb5 b6 10. Qb3+ Kd7 11. Nf3 Nbc6 12. Nd5 Nxd5 13. exd5 Qe8+ 14. Be3 Ne5 15. Nd4 a6 16. O-O b5 17. Rfe1 Qf7 18. a4 Bg7 19. axb5 Rhb8 20. c4 f5 21. Nc6 Nxc6 22. dxc6+ Kc8 23. Qa4 f4 24. Bd2 Bxb2 25. Ra2 Bd4 26. Bb4 Be5 27. c5 Qc4 28. b6 Qb5 29. b7+ Rxb7 30. cxb7+ Kxb7 31. Qxb5+ axb5 32. Rxa8 Kxa8 33. cxd6 cxd6 34. Rd1 Kb7 35. Bxd6 Bxd6 36. Rxd6 Kc7 37. Rd4 g5 38. h4 h6 39. hxg5 hxg5 40. Kf1 Kc6 41. Ke2 Kc5 42. Kd3 b4 43. Rd8 g4 44. Rc8+ Kb5 45. Kc2 f3 46. gxf3 gxf3 47. Rf8 1-0


[Site "https://www.chess.com"]

[Event "Titled Tuesday Blitz October 31 Early 2023"]
[White "Jakubowski, Krzysztof"]
[Black "Goswami, Vedant"]
[WhiteFideId "1112848"]
[BlackFideId "5003725"]
[WhiteElo "2710"]
[BlackElo "2372"]
[Result "1-0"]
[Round "1"]
[TimeControl "180+1"]
[Date "2023.10.31"]
[WhiteClock "0:00:22"]
[BlackClock "0:00:00"]
[Board "97"]

1. e4 e5 2. Nf3 Nc6 3. Bc4 Bc5 4. d3 Nf6 5. O-O d6 6. c3 a5 7. h3 Ba7 8. Na3 h6 9. Re1 O-O 10. Nb5 Bb6 11. d4 exd4 12. Nbxd4 Ne5 13. Bf1 Bd7 14. Nh4 Re8 15. Ndf5 Ng6 16. Nxg6 fxg6 17. Ng3 Bc6 18. Be3 Bxe3 19. Rxe3 Kh7 20. Qc2 a4 21. Bd3 Nd7 22. f4 Nc5 23. Be2 Qh4 24. Rf1 Re7 25. f5 Be8 26. Bg4 Qg5 27. Ref3 Re5 28. f6 gxf6 29. Rxf6 h5 30. Qf2 Re7 31. Bd1 Rg7 32. Rf4 Bb5 33. h4 Qe7 34. Re1 Nd3 35. Qe3 Nxf4 36. Qxf4 Qe5 37. Qd2 Re8 38. Kh2 Rf7 39. Re3 Rf4 40. Rf3 Rxh4+ 41. Kg1 Re7 42. Qf2 Rg7 43. Bc2 Rg4 44. Nf1 Bxf1 45. Qxf1 h4 46. Kh1 Rg3 47. Rf4 g5 48. Rf5 Qc5 49. e5 Kh6 50. Rf6+ 1-0


[Site "https://www.chess.com"]

[Event "Titled Tuesday Blitz October 31 Early 2023"]
[White "Fernandez, Michael"]
[Black "NLLO777"]
[WhiteFideId "5803560"]
[WhiteElo "2371"]
[BlackElo "2709"]
[Result "0-1"]
[Round "1"]
[TimeControl "180+1"]
[Date "2023.10.31"]
[WhiteClock "0:00:21"]
[BlackClock "0:00:23"]
[Board "98"]

1. e4 c5 2. Nf3 d6 3. d4 cxd4 4. Qxd4 Nf6 5. e5 Nc6 6. Bb5 Nd7 7. Qe3 e6 8. exd6 Bxd6 9. Nc3 O-O 10. O-O Qc7 11. Ne4 Be7 12. Bxc6 Qxc6 13. Nd4 Qb6 14. Rd1 Nf6 15. Nc3 Bd7 16. Qg3 Rfd8 17. Bh6 Ne8 18. Be3 Qxb2 19. Ncb5 Bxb5 20. Rab1 Qc3 21. Rxb5 Bf6 22. Rb3 Qxc2 23. Rc1 Qxa2 24. Rxb7 Bxd4 25. Bxd4 Rxd4 26. Qf3 e5 27. Re7 Rad8 28. Rxe5 h6 29. h4 Nf6 30. Rce1 Rxh4 31. Re7 Qd5 32. Qa3 Rd4 33. Qxa7 Rd1 34. Qe3 Rxe1+ 35. Qxe1 Qd1 36. g3 Kf8 37. Kg2 Qxe1 38. Rxe1 Rd3 39. Ra1 g5 40. Ra8+ Kg7 41. Ra7 Kg6 42. Ra6 h5 43. Ra5 Rb3 44. Rc5 Rb2 45. Rc6 Kg7 46. Rc7 Ng4 47. Kh3 Nxf2+ 48. Kg2 Ng4+ 49. Kg1 h4 50. gxh4 gxh4 51. Rc4 f5 52. Rc7+ Kg6 53. Rc8 h3 54. Rg8+ Kf6 55. Kf1 h2 56. Rh8 h1=Q+ 57. Rxh1 Rb1+ 58. Kg2 Rxh1 59. Kxh1 Kg5 60. Kg2 f4 61. Kf3 Ne5+ 62. Kf2 Kf5 63. Kg2 Ke4 64. Kf2 f3 65. Kf1 Kf4 66. Kf2 Ng4+ 67. Kf1 Kg3 68. Kg1 f2+ 69. Kf1 Nh2+ 70. Ke2 f1=Q+ 71. Ke3 Qf3+ 72. Kd4 Ng4 0-1


[Site "https://www.chess.com"]

[Event "Titled Tuesday Blitz October 31 Early 2023"]
[White "Atakhan, Abtin"]
[Black "Real_taiatai"]
[WhiteFideId "22502203"]
[WhiteElo "2707"]
[BlackElo "2365"]
[Result "1-0"]
[Round "1"]
[TimeControl "180+1"]
[Date "2023.10.31"]
[WhiteClock "0:00:39"]
[BlackClock "0:00:09"]
[Board "99"]

1. Nf3 d5 2. g3 Nf6 3. Bg2 Bf5 4. c4 c6 5. Qb3 Qb6 6. d3 Nbd7 7. Be3 dxc4 8. Qxc4 Qc7 9. Nc3 e5 10. O-O Bd6 11. Rfc1 Qd8 12. Ng5 O-O 13. Qb3 Nb6 14. a4 h6 15. a5 hxg5 16. axb6 Ng4 17. bxa7 Nxe3 18. fxe3 Bc5 19. Nd1 Bxa7 20. Qxb7 Qb6 21. Qxb6 Bxb6 22. Bxc6 Rxa1 23. Rxa1 Rc8 24. Bd5 Rc7 25. Kg2 Kh7 26. e4 Bg4 27. Nc3 Bd4 28. Kf1 f6 29. Bc4 Rb7 30. Ra2 Bh3+ 31. Ke1 Be3 32. Nd5 Bd4 33. b4 Bg1 34. b5 Bxh2 35. Kf2 Bf5 36. exf5 1-0


[Site "https://www.chess.com"]

[Event "Titled Tuesday Blitz October 31 Early 2023"]
[White "LiadCuba"]
[Black "Szpar, Milosz"]
[BlackFideId "1184989"]
[WhiteElo "2364"]
[BlackElo "2702"]
[Result "0-1"]
[Round "1"]
[TimeControl "180+1"]
[Date "2023.10.31"]
[WhiteClock "0:00:00"]
[BlackClock "0:00:56"]
[Board "100"]

1. d4 d5 2. c4 e6 3. Nc3 c6 4. cxd5 exd5 5. Bf4 Ne7 6. e3 Nf5 7. Bd3 Bd6 8. Nge2 O-O 9. Qc2 g6 10. O-O-O Re8 11. h4 h5 12. Rdg1 Na6 13. a3 Ng7 14. Bg5 Be7 15. Bxe7 Qxe7 16. Na4 Bf5 17. Nf4 b5 18. Nc5 Nxc5 19. Qxc5 Qxc5+ 20. dxc5 a5 21. Kd2 Bxd3 22. Nxd3 Nf5 23. g4 hxg4 24. Rxg4 Re4 25. Rxe4 dxe4 26. Ne5 Rd8+ 27. Ke2 Rd5 28. Ng4 Kg7 29. b4 a4 30. Rh3 f6 31. Nh2 Rd3 32. h5 Rxa3 33. hxg6 Kxg6 34. Rh8 Rb3 35. Rc8 Ne7 36. Rc7 Kf7 37. Ng4 Rxb4 38. Nh6+ Ke6 0-1


[Site "https://www.chess.com"]

[Event "Titled Tuesday Blitz October 31 Early 2023"]
[White "Ovetchkin, Roman"]
[Black "Kalajzic, Ivan"]
[WhiteFideId "4119991"]
[BlackFideId "14506378"]
[WhiteElo "2700"]
[BlackElo "2359"]
[Result "1-0"]
[Round "1"]
[TimeControl "180+1"]
[Date "2023.10.31"]
[WhiteClock "0:01:12"]
[BlackClock "0:00:54"]
[Board "101"]

1. d4 Nc6 2. d5 Ne5 3. Bf4 Ng6 4. Bg3 e5 5. dxe6 dxe6 6. Qxd8+ Kxd8 7. Nc3 Bd6 8. O-O-O Ke7 9. e4 Bxg3 10. hxg3 Nf6 11. f3 Bd7 12. g4 h6 13. Nge2 Rad8 14. Nd4 a6 15. g3 Ne5 16. Be2 c5 17. Nb3 b6 18. Rh4 g5 19. Rh2 h5 20. Rdh1 h4 21. gxh4 gxh4 22. Rxh4 Rxh4 23. Rxh4 Ng6 24. Rh1 Bc8 25. Na4 Nf4 26. Bd1 c4 27. Nd2 b5 28. Nc3 Nd7 29. Ne2 Ng6 30. b4 Nde5 1-0


[Site "https://www.chess.com"]

[Event "Titled Tuesday Blitz October 31 Early 2023"]
[White "Della Corte, Alessandro"]
[Black "Preotu, Razvan"]
[WhiteFideId "813540"]
[BlackFideId "2613280"]
[WhiteElo "2358"]
[BlackElo "2698"]
[Result "1-0"]
[Round "1"]
[TimeControl "180+1"]
[Date "2023.10.31"]
[WhiteClock "0:01:04"]
[BlackClock "0:00:04"]
[Board "102"]

1. d4 Nf6 2. c4 g6 3. Nf3 Bg7 4. Nc3 d5 5. e3 O-O 6. cxd5 Nxd5 7. Qb3 Nxc3 8. bxc3 c5 9. Be2 b6 10. O-O Bb7 11. Rd1 Qc7 12. Ba3 Nd7 13. Rac1 Rfd8 14. Ng5 e6 15. Bf3 Bxf3 16. Nxf3 Rac8 17. h4 Nf6 18. dxc5 bxc5 19. c4 Ng4 20. Rxd8+ Rxd8 21. Rd1 Rxd1+ 22. Qxd1 Qa5 23. Qb3 h6 24. g3 Qc7 25. Kg2 Qc6 26. Qb5 Qe4 27. Qe8+ Kh7 28. Qxf7 Qc2 29. Nh2 Nxe3+ 30. Kh3 Nxc4 31. Bxc5 a5 32. Bf8 Qf5+ 33. Qxf5 gxf5 34. Bc5 h5 35. Kg2 Kg6 36. Kf1 e5 37. Ke2 e4 38. Nf1 Kf6 39. Ne3 Ke6 40. Nxc4 Kd5 41. Ne3+ Kxc5 42. Nxf5 Bh6 43. Nxh6 1-0


[Site "https://www.chess.com"]

[Event "Titled Tuesday Blitz October 31 Early 2023"]
[White "Nagare Kaivalya Sandip"]
[Black "Pumpkin_in_moonlight"]
[WhiteFideId "25957929"]
[WhiteElo "2696"]
[BlackElo "2353"]
[Result "1-0"]
[Round "1"]
[TimeControl "180+1"]
[Date "2023.10.31"]
[WhiteClock "0:02:17"]
[BlackClock "0:00:15"]
[Board "103"]

1. e4 e5 2. Nf3 Nc6 3. Bb5 a6 4. Ba4 d6 5. c3 Bd7 6. O-O Nf6 7. d4 g6 8. Bg5 b5 9. Bb3 Bg7 10. Qc1 O-O 11. dxe5 dxe5 12. Rd1 Qe7 13. Nbd2 h6 14. Bxf6 Bxf6 15. Nf1 Bg7 16. Ne3 Rad8 17. Nd5 Qc5 18. Qe3 Qxe3 19. fxe3 Na5 20. Nxc7 Nc4 21. Bxc4 bxc4 22. Nxa6 Bc6 23. Nc5 Rfe8 24. b4 cxb3 25. axb3 Bf8 26. Rxd8 Rxd8 27. Nxe5 Bxc5 28. Nxc6 Bxe3+ 29. Kf1 Rc8 30. Ne7+ 1-0


[Site "https://www.chess.com"]

[Event "Titled Tuesday Blitz October 31 Early 2023"]
[White "Dmitrenko, Viktor"]
[Black "Xtrmntr78"]
[WhiteFideId "14110270"]
[WhiteElo "2352"]
[BlackElo "2693"]
[Result "1-0"]
[Round "1"]
[TimeControl "180+1"]
[Date "2023.10.31"]
[WhiteClock "0:00:10"]
[BlackClock "0:00:00"]
[Board "104"]

1. e4 e5 2. Nf3 d5 3. Nxe5 Bd6 4. d4 dxe4 5. Bc4 Bxe5 6. Qh5 Qe7 7. Qxe5 Qxe5 8. dxe5 Nc6 9. Bf4 Nge7 10. Bb5 Bd7 11. Nc3 a6 12. Ba4 Ng6 13. Bg3 O-O-O 14. O-O-O Ncxe5 15. Bxd7+ Nxd7 16. Nxe4 f5 17. Ng5 f4 18. Nf7 fxg3 19. Nxd8 Rxd8 20. hxg3 h6 21. f4 Nf6 22. Rxd8+ Kxd8 23. Re1 Ne7 24. Rd1+ Ke8 25. Rd3 Nf5 26. Kd1 h5 27. Ke2 Ne4 28. Kf3 Nexg3 29. Rc3 Kd7 30. Rc5 g6 31. Re5 h4 32. Kg4 Nh5 33. Rxf5 gxf5+ 34. Kxh5 Ke6 35. Kxh4 Kf6 36. Kh5 c5 37. g4 fxg4 38. Kxg4 Kg6 39. f5+ Kf6 40. Kf4 b5 41. Ke4 c4 42. Kd5 Kxf5 43. Kc5 Ke4 44. Kb6 b4 45. Kc5 c3 46. bxc3 bxc3 47. Kc4 Ke5 48. Kxc3 Kd5 49. Kb4 Kc6 50. c4 Kb6 51. c5+ Kc6 52. Kc4 Kd7 53. Kd5 Kc7 54. c6 a5 55. Kc5 a4 56. a3 Kc8 57. Kb6 Kb8 58. Kc5 Kc7 59. Kb5 Kc8 60. Kxa4 Kc7 61. Kb5 1-0


[Site "https://www.chess.com"]

[Event "Titled Tuesday Blitz October 31 Early 2023"]
[White "Priasmoro, Novendra"]
[Black "Diaz, Fernando"]
[WhiteFideId "7105029"]
[BlackFideId "3701255"]
[WhiteElo "2693"]
[BlackElo "2351"]
[Result "1-0"]
[Round "1"]
[TimeControl "180+1"]
[Date "2023.10.31"]
[WhiteClock "0:00:40"]
[BlackClock "0:00:03"]
[Board "105"]

1. Nf3 e6 2. g3 Nf6 3. Bg2 d5 4. O-O Be7 5. d4 O-O 6. c4 c6 7. Qc2 b6 8. Bf4 Bb7 9. Rd1 Na6 10. Ne5 Nb4 11. Qc1 Re8 12. a3 Na6 13. Nc3 Nd7 14. Qc2 f6 15. Nxd7 Qxd7 16. cxd5 cxd5 17. Rac1 Rac8 18. Qd3 Nc7 19. h4 Ba6 20. Qe3 Bf8 21. h5 Nb5 22. Bh3 Nxc3 23. Rxc3 Rxc3 24. bxc3 Bc8 25. g4 e5 26. dxe5 fxe5 27. Bxe5 Bxa3 28. Qd4 Bc5 29. Qxd5+ Qxd5 30. Rxd5 Be6 31. Rd2 a5 32. h6 g6 33. Bg2 Bc4 34. Bf4 a4 35. Rd7 a3 36. Rg7+ Kh8 37. Ra7 b5 38. Ra6 b4 39. Ra4 b3 40. Rxc4 b2 41. Rxc5 b1=Q+ 42. Kh2 Rd8 43. Bd5 Rxd5 44. Rc8+ 1-0


[Site "https://www.chess.com"]

[Event "Titled Tuesday Blitz October 31 Early 2023"]
[White "Ovezdurdyyeva, Jemal"]
[Black "Aswathchess"]
[WhiteFideId "14001888"]
[WhiteElo "2349"]
[BlackElo "2689"]
[Result "1-0"]
[Round "1"]
[TimeControl "180+1"]
[Date "2023.10.31"]
[WhiteClock "0:02:43"]
[BlackClock "0:02:24"]
[Board "106"]

1. e4 c5 2. Nf3 d6 3. c3 Nf6 4. Bd3 Nc6 5. h3 g6 6. O-O Bg7 7. Bc2 O-O 8. d4 cxd4 9. cxd4 Nb4 10. Nc3 Nxc2 11. Qxc2 Bd7 12. Bg5 Rc8 13. Qd2 Qa5 1-0


[Site "https://www.chess.com"]

[Event "Titled Tuesday Blitz October 31 Early 2023"]
[White "Goldin, Alexander"]
[Black "Girinath, P.D.S."]
[WhiteFideId "2019540"]
[BlackFideId "5000572"]
[WhiteElo "2688"]
[BlackElo "2346"]
[Result "1-0"]
[Round "1"]
[TimeControl "180+1"]
[Date "2023.10.31"]
[WhiteClock "0:00:37"]
[BlackClock "0:00:00"]
[Board "107"]

1. Nf3 d5 2. g3 Nf6 3. Bg2 e6 4. O-O c5 5. c4 Nc6 6. cxd5 Nxd5 7. d4 Be7 8. dxc5 Bxc5 9. a3 O-O 10. b4 Be7 11. Bb2 Re8 12. Nbd2 Bf8 13. Qb3 b5 14. Rac1 Bb7 15. Ne4 Qb6 16. Nc5 a5 17. Nd7 Qa7 18. Nxf8 Kxf8 19. e4 a4 20. Qd3 Nc7 21. Qd6+ Re7 22. Rxc6 Bxc6 23. Qxc6 Rd8 24. Rc1 Red7 25. Qc2 f6 26. h4 e5 27. h5 Ne6 28. Bh3 Rd3 29. Kg2 Ng5 30. Nxg5 fxg5 31. Bc3 Qf7 32. Qe2 Rxc3 33. Rxc3 Qb7 34. Rf3+ Kg8 35. Qa2+ Kh8 36. Qd5 Qc7 37. Qxb5 1-0


[Site "https://www.chess.com"]

[Event "Titled Tuesday Blitz October 31 Early 2023"]
[White "Zia, Tahsin Tajwar"]
[Black "CuteSheepCloud"]
[WhiteFideId "10211888"]
[WhiteElo "2345"]
[BlackElo "2686"]
[Result "0-1"]
[Round "1"]
[TimeControl "180+1"]
[Date "2023.10.31"]
[WhiteClock "0:00:12"]
[BlackClock "0:01:30"]
[Board "108"]

1. d4 Nf6 2. Nf3 e6 3. c4 d5 4. g3 Be7 5. Bg2 O-O 6. O-O dxc4 7. Qc2 a6 8. a4 Nbd7 9. Qxc4 Nb6 10. Qc2 c6 11. Rd1 a5 12. e4 h6 13. Nc3 Bd7 14. Qe2 Bb4 15. Bf4 Qe7 16. Ne5 Rfd8 17. h4 c5 18. Nxd7 Rxd7 19. Nb5 Rad8 20. dxc5 Bxc5 21. Rxd7 Rxd7 22. e5 Nfd5 23. Bd2 Nb4 24. Bc3 N6d5 25. Bd4 Nf4 26. Qe4 Bxd4 27. Nxd4 Rxd4 28. Qxb7 Qxb7 29. Bxb7 Nfd5 30. Rc1 Rd2 31. Rc5 Rxb2 32. Rxa5 Nd3 33. Bxd5 exd5 34. Rxd5 Nxf2 35. a5 Ng4 36. a6 Rb1+ 37. Kg2 Ne3+ 38. Kf3 Nxd5 39. a7 Ra1 0-1


[Site "https://www.chess.com"]

[Event "Titled Tuesday Blitz October 31 Early 2023"]
[White "BashirovKemal"]
[Black "Avalos Parra, Joao"]
[BlackFideId "3402541"]
[WhiteElo "2685"]
[BlackElo "2340"]
[Result "1-0"]
[Round "1"]
[TimeControl "180+1"]
[Date "2023.10.31"]
[WhiteClock "0:00:26"]
[BlackClock "0:00:04"]
[Board "109"]

1. d4 d5 2. c4 e6 3. Nc3 Nf6 4. Bg5 Bb4 5. e3 O-O 6. Nf3 Nbd7 7. Qc2 a6 8. cxd5 exd5 9. Bd3 c5 10. O-O c4 11. Be2 Bxc3 12. bxc3 Re8 13. Nd2 h6 14. Bh4 g5 15. Bg3 Nf8 16. f4 Rxe3 17. fxg5 Rxe2 18. gxf6 Qe8 19. Rae1 Qe3+ 20. Kh1 Rxd2 21. Qc1 Qd3 22. Bf4 Rc2 23. Qb1 Bf5 24. Rf3 Qxf3 25. gxf3 Ng6 26. Qxb7 Rf8 27. Bxh6 Rd8 28. h4 Rd7 29. Qc8+ Kh7 30. h5 Kxh6 31. Rg1 Rd6 32. Qg8 Rxf6 33. hxg6 Bxg6 34. Qh8+ Bh7 35. Qxf6+ 1-0


[Site "https://www.chess.com"]

[Event "Titled Tuesday Blitz October 31 Early 2023"]
[White "Alahakoon, Isuru"]
[Black "Amilal Munkhdalai"]
[WhiteFideId "9900993"]
[BlackFideId "4903250"]
[WhiteElo "2337"]
[BlackElo "2683"]
[Result "0-1"]
[Round "1"]
[TimeControl "180+1"]
[Date "2023.10.31"]
[WhiteClock "0:00:05"]
[BlackClock "0:02:00"]
[Board "110"]

1. Nf3 Nf6 2. d4 d5 3. e3 c5 4. b3 Nc6 5. Bb2 Bg4 6. Nbd2 e6 7. Bd3 Bd6 8. O-O O-O 9. a3 Rc8 10. Qe1 Qc7 11. dxc5 Bxc5 12. Bxf6 gxf6 13. b4 Bd6 14. e4 d4 15. h3 Bh5 16. b5 Ne5 17. Nxd4 Nxd3 18. cxd3 Be5 19. N2b3 Qd6 20. Qe3 Rfd8 21. Qh6 Bg6 22. Nf3 Bxa1 23. Rxa1 Qxd3 24. Nbd2 Rc2 25. Nf1 Qe2 26. Qh4 Qxe4 27. Qxe4 Bxe4 28. Ne3 Rb2 29. a4 Bxf3 30. gxf3 Rd4 31. Rc1 Rxa4 32. Ng4 Kg7 33. Rc5 b6 34. Rc7 h5 0-1


[Site "https://www.chess.com"]

[Event "Titled Tuesday Blitz October 31 Early 2023"]
[White "Rendle, Thomas E"]
[Black "Buscar, Michael"]
[WhiteFideId "408760"]
[BlackFideId "2603616"]
[WhiteElo "2679"]
[BlackElo "2332"]
[Result "1/2-1/2"]
[Round "1"]
[TimeControl "180+1"]
[Date "2023.10.31"]
[WhiteClock "0:00:07"]
[BlackClock "0:00:04"]
[Board "111"]

1. e4 c5 2. Nf3 Nc6 3. Bb5 Nf6 4. d3 g6 5. O-O Bg7 6. Bxc6 dxc6 7. h3 O-O 8. a4 b6 9. Na3 Ne8 10. Nc4 Nc7 11. Be3 Ne6 12. c3 Ba6 13. Nfe5 Qc7 14. f4 Bxe5 15. Nxe5 f6 16. Qb3 Qd6 17. Nc4 Qxd3 18. Nxb6 Qxe3+ 19. Kh2 c4 20. Nxc4 Rab8 21. Qa2 Bxc4 22. Qxc4 Rxb2 23. Qxe6+ Kg7 24. Qxe7+ Rf7 25. Qe6 Qe2 26. Qg4 Qxe4 27. Rae1 Qxa4 28. Re8 Qa2 29. f5 a5 30. Rg1 Qd5 31. fxg6 hxg6 32. Qc8 Qd6+ 33. Kh1 f5 34. Rg8+ Kf6 35. Qe8 a4 36. Re1 a3 37. Rxg6+ Kxg6 38. Re6+ Qxe6 39. Qxe6+ Rf6 40. Qg8+ Kh6 41. Qh8+ Kg6 42. Qg8+ Kh6 43. Qh8+ Kg6 44. Qg8+ 1/2-1/2


[Site "https://www.chess.com"]

[Event "Titled Tuesday Blitz October 31 Early 2023"]
[White "TomLiu777"]
[Black "Leiva, Gianmarco"]
[BlackFideId "3804399"]
[WhiteElo "2330"]
[BlackElo "2678"]
[Result "0-1"]
[Round "1"]
[TimeControl "180+1"]
[Date "2023.10.31"]
[WhiteClock "0:00:07"]
[BlackClock "0:00:04"]
[Board "112"]

1. Nf3 Nf6 2. g3 d5 3. Bg2 c5 4. O-O g6 5. d4 Bg7 6. c3 Nbd7 7. Bf4 O-O 8. Nbd2 b6 9. Ne5 Bb7 10. Ndf3 Rc8 11. Rc1 e6 12. Qa4 a6 13. Qb3 h6 14. Nxd7 Nxd7 15. Bd6 Re8 16. Ne5 Nxe5 17. dxe5 Bc6 18. e4 dxe4 19. Qc2 Qg5 20. Bxe4 Bxe4 21. Qxe4 Qf5 22. Qb7 Bxe5 23. Bxe5 Qxe5 24. Qxb6 Rb8 25. Qxa6 Rxb2 26. a4 Rd8 27. Rfd1 Rxd1+ 28. Rxd1 Qxc3 29. Qc8+ Kg7 30. Qd8 Ra2 31. Qe8 Qc2 32. Rf1 Qxa4 33. Qe7 Qd4 34. Qd8 Qxd8 35. h3 Qd4 36. Kg2 Ra1 37. Kh2 Rxf1 38. Kg2 Qxf2# 0-1


[Site "https://www.chess.com"]

[Event "Titled Tuesday Blitz October 31 Early 2023"]
[White "Mendez Fortes, Eduardo Jesus"]
[Black "Szente Varga, Fruzsina"]
[WhiteFideId "3502376"]
[BlackFideId "712264"]
[WhiteElo "2677"]
[BlackElo "2330"]
[Result "1-0"]
[Round "1"]
[TimeControl "180+1"]
[Date "2023.10.31"]
[WhiteClock "0:01:43"]
[BlackClock "0:00:00"]
[Board "113"]

1. e4 c5 2. Nf3 Nc6 3. d4 cxd4 4. Nxd4 g6 5. c4 Bg7 6. Be3 Nf6 7. Nc3 d6 8. Be2 O-O 9. O-O Bd7 10. Qd2 Nxd4 11. Bxd4 Bc6 12. f3 a5 13. Rab1 Nd7 14. Be3 a4 15. Rfc1 Nc5 16. b4 axb3 17. axb3 Ra3 18. Bd1 Qa8 19. b4 Na4 20. Bxa4 Bxa4 21. Nd5 Qd8 22. b5 e6 23. Nb6 h5 24. Bf2 Kh7 25. Qb4 Ra2 26. Nxa4 Rxf2 27. Kxf2 Bd4+ 28. Kf1 Qh4 29. Qd2 e5 30. g3 Qh3+ 31. Qg2 Qe6 32. Nc3 f5 33. Qe2 fxe4 34. Nxe4 Qh3+ 35. Ke1 1-0


[Site "https://www.chess.com"]

[Event "Titled Tuesday Blitz October 31 Early 2023"]
[White "Dzida, Kamil"]
[Black "Sadykov, Ramil"]
[WhiteFideId "21828652"]
[BlackFideId "24113590"]
[WhiteElo "2329"]
[BlackElo "2674"]
[Result "0-1"]
[Round "1"]
[TimeControl "180+1"]
[Date "2023.10.31"]
[WhiteClock "0:00:00"]
[BlackClock "0:00:03"]
[Board "114"]

1. d4 e6 2. c4 c5 3. d5 Nf6 4. Nf3 b5 5. dxe6 fxe6 6. cxb5 d5 7. Nc3 Bd6 8. e4 d4 9. e5 dxc3 10. exd6 cxb2 11. Bxb2 O-O 12. Bc4 a6 13. bxa6 Bxa6 14. Bxa6 Rxa6 15. O-O Rxd6 16. Qc2 Nbd7 17. Rad1 Nd5 18. Rfe1 Ra6 19. Qc4 Qa8 20. Ng5 Rf4 21. Qc2 Nf8 22. Qxc5 Rxa2 23. Ra1 h6 24. Nh3 Rxa1 25. Rxa1 Ra4 26. Re1 Ra2 27. Bd4 Qa4 28. Be3 Ra1 29. Rxa1 Qxa1+ 30. Qc1 Qa2 31. f3 Ng6 32. Bf2 Ne5 0-1


[Site "https://www.chess.com"]

[Event "Titled Tuesday Blitz October 31 Early 2023"]
[White "Horobetz, Graham"]
[Black "Manon-og, Ramon Jr."]
[WhiteFideId "2047322"]
[BlackFideId "5200776"]
[WhiteElo "2673"]
[BlackElo "2326"]
[Result "1-0"]
[Round "1"]
[TimeControl "180+1"]
[Date "2023.10.31"]
[WhiteClock "0:00:23"]
[BlackClock "0:00:08"]
[Board "115"]

1. e4 c5 2. Nf3 d6 3. Bb5+ Nd7 4. a4 a6 5. Be2 Ngf6 6. Nc3 g6 7. O-O Bg7 8. d3 O-O 9. h3 b6 10. Nd2 Bb7 11. f4 e6 12. f5 exf5 13. exf5 Ne5 14. Nf3 Qd7 15. Nxe5 dxe5 16. Bf3 Nd5 17. Bxd5 Bxd5 18. f6 Bh8 19. Nxd5 Qxd5 20. Qe2 Rfe8 21. Qe4 Rad8 22. Bg5 Qe6 23. c3 Qb3 24. Rf2 Qe6 25. Raf1 Qd7 26. Rf3 Qd6 27. h4 Rd7 28. h5 Qd5 29. hxg6 hxg6 30. Qh4 e4 31. Rh3 1-0


[Site "https://www.chess.com"]